AoeStats
← mats931

African Clearing

506499268Analyzed
3v3 RM · 17d ago on Sep 13, 2026· 63m 27s· 6 players
Game mode
Random Map
Map size
Normal (6 player)
Population
200
Speed
Normal
Resources
Standard
Victory
Conquest
Starting age
Dark Age
Ending age
Imperial Age
RankedLock teamsTeams togetherTeam positionsShared explorationLock speedFull tech treeHidden civsTurbo modeCheats
Victory
Defeat
🇩🇪 Franks · Germany
985
+13
🇩🇪 Saracens · Germany
917
+15
🇩🇪 Teutons · Germany
916
+16
🇧🇷 Britons · Brazil
985
-17
🇻🇪 Jurchens · Venezuela
882
-14
🇧🇷 Mongols · Brazil
858
-13
Abyssus
5:18 Loom
14:58 Feudal Age
23:00 Castle Age
21:11 Double-Bit Axe
22:02 Bloodlines
22:12 Horse Collar
22:52 Forging
22:57 Gold Mining
25:01 Scale Barding Armor
26:22 Iron Casting
30:14 Husbandry
32:15 Scale Mail Armor
33:34 Squires
41:59 Wheelbarrow
46:12 Bow Saw
49:08 Chain Mail Armor
48:41 Fishing Lines
49:28 Town Watch
49:56 Heavy Plow
50:07 Arson
50:19 Fletching
51:25 Gillnets
51:33 Bodkin Arrow
51:41 Pikeman
53:36 Fortified Bastions
56:30 Padded Archer Armor
58:40 Hand Cart
Men-yopuk
18:13 Feudal Age
19:15 Fishing Lines
20:31 Wheelbarrow
20:28 Horse Collar
24:23 Gold Mining
27:42 Castle Age
28:03 Scale Mail Armor
28:40 Hand Cart
28:11 Double-Bit Axe
30:57 Bow Saw
30:40 Pikeman
31:43 Stone Mining
32:29 Gold Shaft Mining
32:05 Heavy Plow
33:58 Chain Mail Armor
33:56 Forging
33:50 Squires
34:31 Gillnets
40:30 Imperial Age
37:46 Loom
37:47 Town Watch
39:14 Iron Casting
38:43 Padded Archer Armor
39:09 Ballistics
38:30 Treadmill Crane
38:48 Fletching
39:55 Masonry
40:52 Leather Archer Armor
40:58 Yeomen
41:06 Town Patrol
40:54 Halberdier
41:13 Sappers
44:40 Elite Longbowman
45:48 Bodkin Arrow
49:06 Two-Man Saw
49:16 Bodkin Arrow
50:17 Bracer
51:00 Conscription
51:33 Ring Archer Armor
55:16 Warwolf
55:56 Plate Mail Armor
58:39 Hoardings
60:00 Blast Furnace
ChronoMiner
5:05 Loom
6:43 Loom
15:35 Feudal Age
16:29 Double-Bit Axe
26:46 Castle Age
26:51 Pikeman
28:39 Squires
28:24 Arson
30:45 Nomads
31:22 Thumb Ring
33:07 Bow Saw
33:34 Fletching
35:24 Bodkin Arrow
41:51 Imperial Age
41:08 Bloodlines
40:58 Husbandry
45:30 Chemistry
44:25 Murder Holes
45:14 Bracer
46:42 Elite Mangudai
51:47 Conscription
54:30 Heavy Camel Rider
55:54 Horse Collar
chrasser.chris
2:58 Loom
17:02 Feudal Age
19:01 Wheelbarrow
22:07 Castle Age
20:12 Double-Bit Axe
20:57 Gold Mining
22:25 Forging
23:09 Hand Cart
23:57 Bow Saw
24:23 Husbandry
25:24 Scale Barding Armor
25:31 Town Watch
26:55 Chain Barding Armor
30:09 Iron Casting
31:10 Gold Shaft Mining
40:45 Imperial Age
40:19 Stone Mining
41:27 Capped Ram
42:06 Cavalier
42:18 Pikeman
43:25 Halberdier
45:31 Conscription
46:12 Paladin
48:15 Plate Barding Armor
53:03 Blast Furnace
52:06 Scale Mail Armor
mats931
4:40 Loom
15:34 Feudal Age
17:34 Wheelbarrow
16:47 Double-Bit Axe
18:24 Horse Collar
19:26 Bloodlines
21:57 Gold Mining
26:05 Castle Age
28:06 Hand Cart
27:36 Town Watch
28:22 Husbandry
28:58 Crossbowman
30:43 Fletching
31:04 Forging
31:37 Bow Saw
39:21 Elite Skirmisher
40:48 Stone Mining
42:31 Heavy Plow
43:25 Thumb Ring
44:29 Bodkin Arrow
44:35 Padded Archer Armor
45:10 Iron Casting
44:36 Scale Mail Armor
47:58 Imperial Age
48:23 Leather Archer Armor
48:20 Heavy Camel Rider
51:39 Gold Shaft Mining
52:14 Conscription
52:36 Onager
54:03 Arbalester
55:52 Ballistics
56:33 Chemistry
55:14 Treadmill Crane
Schokoladeneis
3:45 Loom
13:56 Feudal Age
15:22 Wheelbarrow
24:21 Castle Age
22:24 Horse Collar
22:43 Man-at-Arms
23:44 Double-Bit Axe
26:29 Forging
31:43 Bow Saw
34:04 Gold Mining
34:41 Heavy Plow
37:07 Hand Cart
38:53 Scale Mail Armor
41:03 Hand Cart
51:23 Imperial Age
50:09 Stone Mining
54:19 Crop Rotation
53:24 Heavy Scorpion
54:35 Conscription
56:19 Two-Man Saw
56:13 Siege Engineers
56:44 Ballistics
56:13 Town Watch
56:11 Capped Ram
59:43 Stone Shaft Mining
59:54 Elite Teutonic Knight
60:39 Cavalier
63:42 Town Patrol
64:37 Iron Casting
Connection lost

Rejoining the realm…

Still unreachable

The connection could not be restored.

Session expired

The server has moved on; the page needs a fresh start.